[Event "*** MasterClass Titled Tuesday Blitz"]
[Site "Chess.com"]
[Date "2017.11.07"]
[Round "5"]
[White "severomorskij"]
[Black "chipmunknau"]
[Result "1/2-1/2"]
[WhiteElo "2642"]
[BlackElo "2507"]
[TimeControl "180+2"]
[EndTime "15:15:20 PST"]
[Termination "Game drawn by agreement"]

1. d4 f5 2. Bg5 g6 3. Nc3 Bg7 4. h4 Nf6 5. h5 Nxh5 6. e4 Nf6 7. e5 Ne4 8. Nxe4 fxe4 9. Qd2 c5 10. Bh6 Bxh6 11. Qxh6 Qa5+ 12. c3 cxd4 13. Qg7 Rf8 14. Rxh7 Qc5 15. Rh8 e6 16. Qxg6+ Kd8 17. Qf6+ Ke8 18.
Rd1 Nc6 19. Be2 Rxh8 20. Qxh8+ Qf8 21. Bh5+ Ke7 22. Qxf8+ Kxf8 23. cxd4 Nb4 24. Kd2 b6 25. Nh3 Bb7 26. Nf4 Rc8 27. Rc1 Rxc1 28. Kxc1 Nxa2+ 29. Kd2 Nb4 30. g4 a5 31. g5 Kg7 32. Be8 Bc6 33.
g6 Kf8 34. Bf7 Nd5 35. Nh5 a4 36. Nf6 b5 37. Nxe4 b4 38. Nc5 Kg7 39. Kc1 Nf4 40.
Be8 Ne2+ 41. Kd2 Nxd4 42. Bxd7 Bxd7 43. Nxd7 Kxg6 44. Nc5 a3 45. bxa3 bxa3 46. Kc3 Nc6 47.
Nxe6 Nxe5 48. Kb3 Nd3 49. Kxa3 Nxf2 1/2-1/2

[Event "*** MasterClass Titled Tuesday Blitz"]
[Site "Chess.com"]
[Date "2017.11.07"]
[Round "5"]
[White "Ilja_Semjonovs"]
[Black "chidori_boruto"]
[Result "1-0"]
[WhiteElo "2378"]
[BlackElo "2525"]
[TimeControl "180+2"]
[EndTime "15:15:25 PST"]
[Termination "Ilja_Semjonovs won by checkmate"]

1. e4 c6 2. d4 d5 3. Nc3 dxe4 4. Nxe4 Bf5 5. Ng3 Bg6 6. h4 h6 7.
Nf3 Nd7 8. h5 Bh7 9. Bd3 Bxd3 10. Qxd3 e6 11. Bd2 Ngf6 12. O-O-O Be7 13. Kb1 O-O 14.
Ne4 Nxe4 15. Qxe4 Nf6 16. Qe2 Qd5 17. Ne5 Qe4 18. Qxe4 Nxe4 19. Be1 Rad8 20. f3 Nf6 21. Bf2 Nd7 22. c4 Nxe5 23. dxe5 b6 24. Kc2 Rxd1 25. Rxd1 Rd8 26. Rxd8+ Bxd8 27. b4 Bc7 28. Bd4 Kf8 29. a4 Ke7 30. b5 c5 31. Bc3 g6 32. g4 g5 33. Kd3 Kf8 34. Ke3 Kg7 35. Ke4 Bd8 36.
Bb2 Be7 37. Ba3 Bd8 38. Bc1 Be7 39. f4 gxf4 40. Bxf4 Bh4 41. a5 bxa5 42. Be3 Be7 43. Kd3 Bf8 44. Kc3 a4 45. Kb2 f6 46. Ka3 fxe5 47. Kxa4 Bd6 48. Ka5 Bc7+ 49. Ka6 Bb6 50.
Kb7 e4 51. Kc6 Ba5 52. Bxc5 Bb6 53. Bd6 Bf2 54. Be5+ Kf7 55. Bf4 e3 56. Bxh6 e2 57. Bd2 e1=Q 58. Bxe1 Bxe1 59. c5 Bf2 60. b6 axb6 61.
cxb6 Kf6 62. b7 Ba7 63. h6 Bb8 64. Kd7 e5 65. g5+ Kg6 66. Ke6 e4 67. h7 Kg7 68.
g6 e3 69. h8=Q+ Kxh8 70. Kf7 Be5 71. b8=Q+ Bxb8 72. g7+ Kh7 73. g8=Q+ Kh6 74. Qg6# 1-0

[Event "*** MasterClass Titled Tuesday Blitz"]
[Site "Chess.com"]
[Date "2017.11.07"]
[Round "5"]
[White "SCIM"]
[Black "Noukii"]
[Result "1-0"]
[WhiteElo "2424"]
[BlackElo "2601"]
[TimeControl "180+2"]
[EndTime "15:15:27 PST"]
[Termination "SCIM won by resignation"]

1. d4 d5 2. c4 c6 3. Nf3 Nf6 4. e3 a6 5. Bd3 Bg4 6. O-O e6 7. Nbd2 Nbd7 8. b3 Bd6 9. Bb2 O-O 10. Qc2 Bh5 11. Ne5 Bg6 12. Nxg6 hxg6 13. e4 e5 14. cxd5 cxd5 15. exd5 Rc8 16. Qd1 exd4 17. Bxd4 Nxd5 18.
Ne4 Bb8 19. g3 Ne5 20. Be2 Nc6 21. Bb2 Re8 22. Bf3 Ndb4 23. Qxd8 Rcxd8 24. Nc5 b6 25. Nxa6 Nd3 26. Bxc6 Re6 27. Nxb8 Rxb8 28. Bb5 Nxb2 29. Rab1 Re5 30. a4 Rxb5 31. axb5 Nd3 32. Rfd1 Nc5 33. Rd6 Ne4 34. Rc6 Kf8 35. Re1 Nc5 36. b4 Ne6 37.
Re4 Ke7 38. Kg2 Kd7 39. Rec4 Rb7 40. h4 Nc7 41. Rd4+ Ke7 42. Re4+ Kd7 43. Rf4 Ke7 44.
Rc1 Nxb5 45. Re1+ Kd6 46. Re8 Rd7 47. Rg8 Ke6 48. Re8+ Kd6 49. Rg8 Ke6 50. Rxg7 Nd6 51. Rg8 b5 52. Rb8 Rc7 53. Rb6 Ke5 54. Rf3 Rc4 55.
Re3+ Kd5 56. Rd3+ 1-0

[Event "*** MasterClass Titled Tuesday Blitz"]
[Site "Chess.com"]
[Date "2017.11.07"]
[Round "5"]
[White "Tobi-Wan-Kenobi"]
[Black "Blitzstream"]
[Result "1-0"]
[WhiteElo "2481"]
[BlackElo "2479"]
[TimeControl "180+2"]
[EndTime "15:15:28 PST"]
[Termination "Tobi-Wan-Kenobi won by resignation"]

1. d4 d5 2. c4 c6 3. Nf3 Nf6 4. Nc3 e6 5. e3 Nbd7 6. Qc2 Bd6 7. Bd3 dxc4 8. Bxc4 O-O 9. O-O b5 10. Be2 Bb7 11. e4 e5 12. dxe5 Nxe5 13. Nd4 Neg4 14. g3 Bxg3 15. hxg3 Qxd4 16. Qd1 Qxd1 17. Rxd1 Rfe8 18.
f3 Ne5 19. Be3 a6 20. Kf2 h5 21. Rac1 Rad8 22. Bb6 Rxd1 23. Rxd1 Ned7 24. Be3 c5 25. a4 b4 26. Nd5 Nxd5 27. exd5 Nb6 28. d6 Nxa4 29. d7 Rd8 30. Bf4 Bc6 31. Rd6 Bxd7 32. Rd2 Kf8 33. Bc7 Ke8 34. Bxd8 Kxd8 35. Bxa6 Kc7 36.
Rxd7+ Kxd7 37. Bb5+ Kd6 38. Bxa4 Kd5 39. b3 c4 40. Ke3 g5 41. Be8 cxb3 42. Bxf7+ Ke5 43.
Bxb3 h4 44. Kf2 h3 45. Kg1 Kd4 46. Kh2 Ke3 47. Bd5 Kd4 48. Be4 g4 49. Bc2 Kc3 50. Bd1 Kd2 51. fxg4 Kxd1 52. g5 b3 53. g6 b2 54. g7 b1=Q 55. g8=Q Qf5 56. Qb3+ Ke1 57. Qe3+ Kf1 58. Qf4+ 1-0

[Event "*** MasterClass Titled Tuesday Blitz"]
[Site "Chess.com"]
[Date "2017.11.07"]
[Round "5"]
[White "StoreySniper"]
[Black "thegreendog"]
[Result "1/2-1/2"]
[WhiteElo "2287"]
[BlackElo "2342"]
[TimeControl "180+2"]
[EndTime "15:15:28 PST"]
[Termination "Game drawn - insufficient material"]

1. e4 c5 2. Nc3 Nc6 3. g3 g6 4. Bg2 Bg7 5. d3 e6 6. Be3 Nd4 7. Nge2 Ne7 8. Qd2 h5 9. h3 d6 10.
Nd1 e5 11. c3 Nxe2 12. Qxe2 Be6 13. f4 Qd7 14. Nf2 f5 15. d4 cxd4 16. cxd4 exd4 17. Bd2 O-O 18. g4 fxg4 19. hxg4 Bxg4 20. Nxg4 Qxg4 21.
Qxg4 hxg4 22. Rh4 d5 23. Rxg4 dxe4 24. Bxe4 Rae8 25. O-O-O Nf5 26. Bd5+ Kh7 27. Bxb7 Bh6 28. Rh1 Kg7 29. Ba6 Ne3 30. Bxe3 Rxe3 31. Rhh4 Rf6 32. Bc4 Re4 33. Bd3 Rexf4 34. Rxf4 Bxf4+ 35. Kc2 Rc6+ 36. Kb3 Be3 37. a4 Kf6 38. Kb4 Rb6+ 39. Bb5 Kg5 40. Re4 Kf5 41. Re8 g5 42. Kc5 Kf4 43.
Rf8+ Kg3 44. Kc4 Rb7 45. b4 g4 46. Bc6 Rc7 47. b5 Kh2 48. a5 g3 49. Rh8+ Kg1 50.
Rh1+ Kf2 51. Rh5 Rg7 52. b6 axb6 53. axb6 g2 54. Rh2 d3 55. Kxd3 Bxb6 56. Rxg2+ Rxg2 57. Bxg2 Kxg2 1/2-1/2

[Event "*** MasterClass Titled Tuesday Blitz"]
[Site "Chess.com"]
[Date "2017.11.07"]
[Round "5"]
[White "Alexander_Moskalenko"]
[Black "GeorgMeier"]
[Result "1-0"]
[WhiteElo "2691"]
[BlackElo "2674"]
[TimeControl "180+2"]
[EndTime "15:15:38 PST"]
[Termination "Alexander_Moskalenko won by resignation"]

1. e4 e6 2. d4 d5 3. Nc3 dxe4 4. Nxe4 Nd7 5. Nf3 Ngf6 6. Nxf6+ Nxf6 7. g3 b6 8. Bb5+ Bd7 9. a4 a6 10. Be2 Bc6 11.
O-O Be7 12. Ne5 Bb7 13. c4 Nd7 14. Be3 Nxe5 15. dxe5 O-O 16. Qxd8 Rfxd8 17. f4 Bb4 18. Kf2 Kf8 19. Rfd1 Ke8 20. Bf3 Bxf3 21. Kxf3 h5 22. h3 Rxd1 23. Rxd1 Rd8 24. Rxd8+ Kxd8 25. Ke4 Kd7 26.
g4 hxg4 27. hxg4 g6 28. b3 Kc6 29. Kd3 Be1 30. Ke2 Bc3 31. Kd3 Bb2 32. Ke4 b5 33.
cxb5+ axb5 34. a5 Kb7 35. b4 Ka6 36. Bd4 Bc1 37. f5 Bd2 38. Bc5 Kb7 39. fxg6 fxg6 40. Be7 Ka6 41. Kd4 Bf4 42. Bf6 Bd2 43. Kc5 Bc3 44.
g5 Bd2 45. Be7 Bc3 46. Kc6 Bxe5 47. Kd7 Bf4 48. Kxe6 c5 49. bxc5 b4 50. c6 b3 51.
Bf6 Kxa5 52. Kd7 Kb6 53. Bd4+ Kb5 54. Bb2 Kc4 55. c7 Bxc7 56. Kxc7 Kd5 57. Kd7 Ke4 58.
Ke6 1-0

[Event "*** MasterClass Titled Tuesday Blitz"]
[Site "Chess.com"]
[Date "2017.11.07"]
[Round "5"]
[White "Divertissement"]
[Black "Bad4life"]
[Result "1-0"]
[WhiteElo "2411"]
[BlackElo "2386"]
[TimeControl "180+2"]
[EndTime "15:15:41 PST"]
[Termination "Divertissement won by resignation"]

1. e4 d6 2. d4 Nf6 3. Nc3 g6 4. g3 Bg7 5. Bg2 O-O 6. Nge2 c5 7. dxc5 dxc5 8. Qxd8 Rxd8 9. Be3 Na6 10. h3 Kf8 11.
f4 e5 12. O-O Nh5 13. a3 Rb8 14. Rad1 Bd7 15. f5 Bc6 16. g4 Nf6 17. g5 Ne8 18.
f6 Bh8 19. Nd5 Bb5 20. Rf2 Rbc8 21. Nec3 Bc6 22. Rfd2 b6 23. Ne7 Rxd2 24. Rxd2 Rc7 25. Nxc6 Rxc6 26. Bf1 Nac7 27. Bc4 Nd6 28. Ba2 b5 29.
Bd5 Nxd5 30. exd5 Rc8 31. h4 Ke8 32. Ne2 a6 33. Bf2 Ne4 34. Rd3 h6 35. Re3 Nxf2 36.
Kxf2 hxg5 37. Rxe5+ Kd7 38. hxg5 Kd6 39. Re7 Rf8 40.
Nf4 a5 41. Kf3 b4 42. a4 c4 43. Ke4 b3 44. c3 Kc5 45. Ke5 Kb6 46. d6 Kc6 47.
Rc7+ Kb6 48. Nd5+ Ka6 49. Re7 Rd8 50. d7 Kb7 51. Kd6 Ra8 52. Re8 Bxf6 53. gxf6 Ra6+ 54.
Ke7 Rxf6 55. Nxf6 1-0

[Event "*** MasterClass Titled Tuesday Blitz"]
[Site "Chess.com"]
[Date "2017.11.07"]
[Round "5"]
[White "Lunaticx"]
[Black "MartinZumsande"]
[Result "1-0"]
[WhiteElo "2676"]
[BlackElo "2439"]
[TimeControl "180+2"]
[EndTime "15:16:02 PST"]
[Termination "Lunaticx won by resignation"]

1. d4 d5 2. c4 e6 3. Nc3 Be7 4. Nf3 Nf6 5. Bf4 O-O 6. e3 c5 7.
dxc5 Bxc5 8. a3 Nc6 9. Be2 dxc4 10. Bxc4 a6 11. O-O b5 12. Ba2 Bb7 13. Rc1 Be7 14.
Ne5 Nxe5 15. Bxe5 Qxd1 16. Rfxd1 Rfd8 17. f3 Kf8 18. e4 Rxd1+ 19. Rxd1 Rd8 20. Kf2 Rxd1 21. Nxd1 Bc5+ 22. Ke2 Nd7 23. Bc3 g6 24. Nf2 Ke7 25. Nd3 Bd6 26. e5 Bc7 27. h4 h5 28. Bd4 Kf8 29. Ke3 Nb6 30. Nc5 Bd5 31. Bxd5 Nxd5+ 32. Ke4 a5 33. a4 bxa4 34. Nxa4 Ke7 35.
Nc5 Bb6 36. Nd3 Kd7 37. Bxb6 Nxb6 38. Kd4 Kc6 39. Nf4 Na4 40. Nd3 Kb5 41. g4 Nb6 42. gxh5 gxh5 43. Nf4 Kb4 44. Nxh5 Kb3 45. Nf4 Kxb2 46.
Nd3+ Kb3 47. h5 Nd5 48. h6 Ne7 49. h7 Ng6 50. f4 a4 51. Nc5+ Kb4 52. Nxa4 Kxa4 53.
Kc4 Nh8 54. Kc5 Kb3 55. Kd6 Kc4 56. Ke7 Kd5 57. Kf6 Ke4 58. Kg7 Ng6 59. Kxf7 Kf5 60. Kg7 1-0

[Event "*** MasterClass Titled Tuesday Blitz"]
[Site "Chess.com"]
[Date "2017.11.07"]
[Round "5"]
[White "saikrishnaReturns"]
[Black "Hasangatin_Ramil"]
[Result "0-1"]
[WhiteElo "2478"]
[BlackElo "2449"]
[TimeControl "180+2"]
[EndTime "15:16:08 PST"]
[Termination "Hasangatin_Ramil won by checkmate"]

1. e4 d5 2. exd5 Qxd5 3. Nc3 Qd6 4. Nf3 Nf6 5. d4 c6 6. Ne5 Nbd7 7. Nc4 Qc7 8. Qf3 Nb6 9. Bf4 Qd8 10. Ne3 Nbd5 11. Bc4 Be6 12. Bb3 Nxf4 13. Qxf4 Bxb3 14. axb3 e6 15.
O-O Bd6 16. Qh4 O-O 17. Rfe1 Nd5 18. Qxd8 Rfxd8 19. Ne4 Be7 20. c3 Nf6 21. Nxf6+ Bxf6 22. Nc4 a6 23. b4 Rab8 24. f4 g5 25. Rf1 Rf8 26.
Rae1 gxf4 27. Rxf4 Bg7 28. Nd6 b5 29. Ref1 f5 30. g4 Rfd8 31. gxf5 Rxd6 32. f6 Bh6 33. f7+ Kf8 34. Rh4 Bg7 35. Rxh7 Rd7 36. Re1 Kxf7 37.
Rh3 Re7 38. Rf3+ Kg8 39. Rfe3 Rbe8 40. Kg2 e5 41. Re4 Kf8 42. dxe5 Rxe5 43. Rf4+ Ke7 44. Rd1 Bf6 45. Rfd4 Kf7 46. Rd6 R5e6 47. Rd7+ R8e7 48. Kf3 Re3+ 49. Kf4 Re2 50. R7d2 R7e4+ 51. Kf5 Re5+ 52. Kg4 R2e4+ 53. Kf3 Rh4 54. Rd7+ Kg6 55. R1d2 Kf5 56. Ra7 Bg5 57. Rf2 Rf4+ 58. Kg2 Rxf2+ 59. Kxf2 Ke4 60. Rxa6 Be3+ 61. Kg3 Rg5+ 62. Kh4 Rg6 63. b3 Kf3 64. Rxc6 Rxc6 65. Kh5 Rh6# 0-1

[Event "*** MasterClass Titled Tuesday Blitz"]
[Site "Chess.com"]
[Date "2017.11.07"]
[Round "5"]
[White "Squirlolz"]
[Black "gpeloui"]
[Result "1/2-1/2"]
[WhiteElo "2421"]
[BlackElo "2273"]
[TimeControl "180+2"]
[EndTime "15:16:19 PST"]
[Termination "Game drawn - insufficient material"]

1. e4 c5 2. c3 Nf6 3. e5 Nd5 4. Nf3 Nc6 5. Bc4 Nb6 6. Bb3 c4 7. Bc2 Qc7 8. O-O Nxe5 9. Nxe5 Qxe5 10. Re1 Qc7 11. a4 e6 12. d3 cxd3 13. Qxd3 Be7 14. Na3 a6 15. a5 Nd5 16. Nc4 b5 17. axb6 Nxb6 18. Ne5 d6 19. Nf3 Bb7 20. Bf4 Qc4 21.
Ba4+ Kf8 22. Qxc4 Nxc4 23. Bc2 Bxf3 24. gxf3 g5 25. Bc1 Ne5 26. Kg2 h5 27. Be4 Ra7 28.
Be3 Rc7 29. Rxa6 h4 30. h3 f5 31. Bc2 Kf7 32. Bd4 Rb8 33. b4 Ng6 34. Bb3 Nf4+ 35. Kf1 Rbc8 36. c4 Rxc4 37. Bxc4 Rxc4 38. Be3 Rxb4 39.
Bxf4 Rxf4 40. Ke2 Rb4 41. Rc1 Rb7 42. Rac6 Kf6 43. Rc8 d5 44. Rh8 Rb2+ 45. Kf1 Ke5 46. Rh6 Bd8 47. Re1+ Kf4 48. Rhxe6 Kxf3 49. R1e3+ Kf4 50.
Rd6 Bb6 51. Re2 Rb5 52. Rf6 d4 53. Rd6 Rb1+ 54. Re1 Rb3 55. Ke2 Rb2+ 56. Kf1 d3 57. Rd1 Rxf2+ 58. Ke1 Re2+ 59. Kf1 Rf2+ 60. Ke1 d2+ 61.
R1xd2 Rxd2 62. Kxd2 Bc5 63. Rd5 Bb4+ 64. Ke2 Bc3 65.
Kf1 g4 66. hxg4 fxg4 67. Kg2 Be5 68. Rd3 h3+ 69. Rxh3 gxh3+ 70. Kxh3 1/2-1/2

[Event "*** MasterClass Titled Tuesday Blitz"]
[Site "Chess.com"]
[Date "2017.11.07"]
[Round "5"]
[White "michaelq2d5"]
[Black "FairChess_on_YouTube"]
[Result "1/2-1/2"]
[WhiteElo "2642"]
[BlackElo "2776"]
[TimeControl "180+2"]
[EndTime "15:16:22 PST"]
[Termination "Game drawn - insufficient material"]

1. d4 d5 2. c4 c6 3. Nc3 Nf6 4.
e3 a6 5. Nf3 Bf5 6. Qb3 b5 7.
cxd5 cxd5 8. a4 b4 9. Qxb4 Nc6 10. Qc5 Bd7 11. a5 e6 12. Qb6 Be7 13. Be2 Qc8 14.
Qb3 Rb8 15. Qd1 O-O 16. O-O Bb4 17. Na4 Nxa5 18. Nc5 Bb5 19. Bxb5 Rxb5 20. Bd2 Bxc5 21. Rxa5 Rxa5 22. Bxa5 Bd6 23. Qd3 Qb7 24. h3 Rc8 25.
Bc3 h6 26. Ra1 Rc6 27. Nd2 g5 28. e4 dxe4 29. Nxe4 Nd5 30. Qf3 Be7 31. Qh5 Nf4 32.
Qf3 Rb6 33. Re1 f5 34. Nc5 Qxf3 35. gxf3 Nxh3+ 36. Kf1 Nf4 37. Ra1 Bxc5 38. dxc5 Rc6 39. b4 Nd5 40. Bd2 Kf7 41. Ke2 Kg6 42. Kd3 h5 43.
Rg1 f4 44. Ke4 h4 45. Ke5 Kh5 46. Ra1 h3 47. Rh1 Kh4 48. Rh2 Ne7 49. Kf6 Nf5 50. Ke5 Rc8 51. Kxe6 Nd4+ 52. Kd7 Rg8 53. Bc3 Nxf3 54.
Rh1 h2 55. c6 g4 56. c7 g3 57.
fxg3+ fxg3 58. Bf6+ Kh3 59. Bd8 Rg7+ 60. Be7 g2 61. Rxh2+ Kxh2 62. c8=Q Rxe7+ 63. Kxe7 g1=Q 64. Qh8+ Kg3 65. Qg7+ Kf4 66. Qxg1 Nxg1 67. Kd6 Nf3 68.
Kc6 Ne5+ 69. Kb6 Nd3 70. Kxa6 Nxb4+ 1/2-1/2

[Event "*** MasterClass Titled Tuesday Blitz"]
[Site "Chess.com"]
[Date "2017.11.07"]
[Round "5"]
[White "Dr-Bassem"]
[Black "BilodeauA"]
[Result "1-0"]
[WhiteElo "2598"]
[BlackElo "2788"]
[TimeControl "180+2"]
[EndTime "15:16:24 PST"]
[Termination "Dr-Bassem won by checkmate"]

1. e4 c5 2. Nf3 Nc6 3. d3 Nf6 4. g3 e6 5. Bg2 d5 6. Nbd2 Be7 7. O-O O-O 8. Re1 Qc7 9. Nf1 dxe4 10. dxe4 Rd8 11. Qe2 b6 12. e5 Nd7 13. h4 Bb7 14. c3 Nf8 15. N1h2 a5 16. h5 h6 17.
Qc4 Nh7 18. Qg4 Kh8 19. a4 Rd7 20. Bf4 Rad8 21. Bf1 Qc8 22. Bb5 Ba6 23. Nf1 Bf8 24. N3d2 Rd5 25. Nc4 Qb7 26. Nfe3 R5d7 27. Qf3 Rc7 28.
Red1 Rxd1+ 29. Rxd1 Be7 30. Nd6 Qa8 31. Nxf7+ Kg8 32.
Nd6 Bb7 33. Nxb7 Qxb7 34. Qg4 Qc8 35. Bxh6 Bg5 36. Bxc6 Bxh6 37. Be4 Ng5 38. Bg6 Rd7 39. f4 Rxd1+ 40. Qxd1 Nf7 41. Nc4 Qc6 42. b3 Kf8 43.
Nd6 Nh8 44. Be4 Qd7 45. Qd3 g5 46. hxg6 Bg7 47. Kg2 Ke7 48. Qa6 Qd8 49. Qb7+ Kf8 50. Kf3 Kg8 51. Bd3 Kf8 52. Kg4 Kg8 53. Kh5 Kf8 54.
Bc4 b5 55. axb5 a4 56. bxa4 Bf6 57. Kh6 Be7 58. g7+ Kg8 59. Bxe6+ Nf7+ 60. Bxf7# 1-0

[Event "*** MasterClass Titled Tuesday Blitz"]
[Site "Chess.com"]
[Date "2017.11.07"]
[Round "5"]
[White "Bigfish1995"]
[Black "VitaliyBernadskiy"]
[Result "0-1"]
[WhiteElo "2905"]
[BlackElo "2580"]
[TimeControl "180+2"]
[EndTime "15:16:26 PST"]
[Termination "VitaliyBernadskiy won by resignation"]

1. d4 Nf6 2. c4 e6 3. Nc3 Bb4 4. Bd2 O-O 5. e3 d5 6. Rc1 c6 7.
Nf3 Nbd7 8. Be2 dxc4 9. Bxc4 b5 10. Be2 Bb7 11. O-O Bd6 12. Ng5 Be7 13. f4 c5 14.
dxc5 Bxc5 15. Nxb5 Qb6 16. Qb3 Nd5 17. Rf3 Rac8 18. Ne4 Bxe3+ 19. Rxe3 Nxe3 20. Bxe3 Rxc1+ 21. Kf2 Qc6 22. Nbd6 Ba8 23. Bd3 Ra1 24. Bb5 Qd5 25. Bxd7 Qxb3 26. axb3 Bxe4 27. Nxe4 Rb1 28. Ba4 Rxb2+ 29.
Kf3 a6 30. Nc5 a5 31. Nb7 Rc8 32. Nxa5 Rcc2 33. Nc4 Ra2 34. g3 Rxc4 35. bxc4 Rxa4 36. c5 Rc4 37. Ke2 Kf8 38. Kd3 Ra4 39. c6 Ke8 40. Bc5 Ra6 41. c7 Kd7 42. Bd4 f6 43. Bc5 Kxc7 44.
Bf8 g6 45. Be7 f5 46. Kd4 Ra5 47. Bb4 Ra4 48. Kc5 Kd7 49. h4 Ra2 50. Kd4 Rg2 51. Be1 Re2 52. Bc3 Kc6 53. Kd3 Rg2 54. Be1 Kd5 55. Ke3 Rc2 56. Kd3 Rc1 57. Bf2 e5 58. fxe5 Kxe5 59. Be3 Rb1 60. Bf4+ Kd5 61.
Ke3 Rb3+ 62. Kf2 Ke4 63. Kg2 Rb2+ 64. Kh3 Kf3 65. h5 Rb1 66. Kh2 gxh5 67. Bg5 Kg4 68. Be7 Rb2+ 69. Kh1 Kxg3 70. Bd6+ 0-1

[Event "*** MasterClass Titled Tuesday Blitz"]
[Site "Chess.com"]
[Date "2017.11.07"]
[Round "5"]
[White "Tarlev_Konstantin"]
[Black "chessdude"]
[Result "1/2-1/2"]
[WhiteElo "2622"]
[BlackElo "2491"]
[TimeControl "180+2"]
[EndTime "15:16:31 PST"]
[Termination "Game drawn by repetition"]

1. b3 Nf6 2. Bb2 g6 3. g3 Bg7 4. Bg2 O-O 5. Nf3 c5 6. O-O Nc6 7. d4 cxd4 8. Nxd4 Nxd4 9. Bxd4 d5 10. Qc1 Bf5 11. Qb2 Rc8 12. Na3 a6 13. c4 dxc4 14.
Nxc4 b5 15. Ne3 Be6 16. Rfd1 Qa5 17. Rac1 Nh5 18. Bxg7 Nxg7 19. a3 Nf5 20. b4 Qb6 21. Nd5 Bxd5 22. Bxd5 Nd6 23. Qe5 Rxc1 24. Rxc1 Rc8 25.
Rd1 Qc7 26. Qf4 Qc2 27. Rd2 Qc1+ 28. Kg2 Rc2 29. Rxc2 Qxc2 30. Qe5 Qc7 31. h4 e6 32. Bf3 h5 33. Qg5 Kh7 34. Qf4 Kg7 35. Qe5+ Kg8 36.
e3 Qe7 37. Qc5 Kf8 38. Bc6 Nc4 39. Qd4 Kg8 40. Qc3 Qd6 41. Bb7 Qb6 42. Bf3 Qc7 43.
Kh2 Qe5 44. Qxe5 Nxe5 45. Bd1 Nc4 46. a4 bxa4 47. Bxa4 Nb6 48. Bb3 Kf8 49. Kg2 Ke7 50. Kf3 Kd6 51. Ke4 Nc8 52. Kd4 Ne7 53. Bc4 Nc6+ 54.
Kc3 Nb8 55. f4 Kc6 56. e4 Kb6 57. e5 Nc6 58. Bd3 Ne7 59. Be4 Nf5 60. Bxf5 gxf5 61. Kb3 Kc6 62. Kc4 Kb6 63. Kd4 Kb5 64. Kc3 Kb6 65.
Kc4 Kc6 66. Kb3 Kb5 67. Kc3 Kb6 1/2-1/2

[Event "*** MasterClass Titled Tuesday Blitz"]
[Site "Chess.com"]
[Date "2017.11.07"]
[Round "5"]
[White "pastouche06"]
[Black "Ar4uha"]
[Result "1-0"]
[WhiteElo "2347"]
[BlackElo "2419"]
[TimeControl "180+2"]
[EndTime "15:16:40 PST"]
[Termination "pastouche06 won by checkmate"]

1. e4 d6 2. d4 Nf6 3. Nc3 e5 4. dxe5 dxe5 5. Qxd8+ Kxd8 6. Nf3 Bd6 7. Bc4 Ke7 8. h3 c6 9. Be3 b5 10. Bd3 Be6 11. a4 b4 12. Ne2 Nbd7 13. Nd2 Nc5 14.
O-O Rhd8 15. Rfc1 h6 16. f3 Rd7 17. Nc4 Nxd3 18. cxd3 Bc7 19. d4 exd4 20. Nxd4 Kf8 21. Nxc6 a5 22. Nb6 Bxb6 23. Bxb6 Ke8 24. Bxa5 Ra6 25. Bxb4 Rc7 26. Na5 Rxc1+ 27. Rxc1 Bd7 28. b3 Be6 29. Rc6 Ra8 30. Nc4 Rb8 31. Rb6 Ra8 32.
Nd6+ Kd7 33. Ba3 Kc7 34. Rb5 Nd7 35. Nf5 Bxf5 36. Rxf5 f6 37. Rb5 Kc6 38. Bc1 Nc5 39.
Be3 Nd3 40. Kf1 Rd8 41. Ke2 Ne5 42. Rb6+ Kc7 43. a5 Ra8 44. b4 Nd7 45. Re6 Rb8 46.
Bd2 Ne5 47. Re7+ Kc6 48. Rxg7 Nc4 49. Be1 Rd8 50. Rg6 Rd6 51. Rxh6 Kb5 52. Rh8 Rc6 53. Rb8+ Ka4 54. b5 Re6 55. a6 Re7 56. Rb7 Re8 57.
b6 Ra8 58. a7 Kb5 59. Rb8 Nxb6 60. Rxa8 Nxa8 61. Bf2 Kc6 62. h4 Kd6 63. h5 Ke6 64.
h6 Kf7 65. Be3 Kg6 66. g4 Nc7 67. Kd3 Na8 68. Kc4 Nc7 69. Kc5 Na8 70. Kc6 f5 71.
exf5+ Kh7 72. Kb7 Kg8 73. Kxa8 Kf7 74. Kb7 Kg8 75. a8=Q+ Kh7 76. Qa1 Kg8 77. Qg7# 1-0

[Event "*** MasterClass Titled Tuesday Blitz"]
[Site "Chess.com"]
[Date "2017.11.07"]
[Round "5"]
[White "Shivagami"]
[Black "Too_Stupid_To_Play"]
[Result "1-0"]
[WhiteElo "2068"]
[BlackElo "2199"]
[TimeControl "180+2"]
[EndTime "15:17:08 PST"]
[Termination "Shivagami won by resignation"]

1. d4 Nf6 2. Bf4 e6 3. e3 c5 4. Nf3 Nc6 5. c3 Qb6 6. Qc2 d5 7. Nbd2 Bd7 8. Ne5 Rc8 9. Be2 cxd4 10. Nxd7 Kxd7 11. cxd4 Nxd4 12. Qa4+ Nc6 13. Nb3 Qb4+ 14. Qxb4 Bxb4+ 15. Kf1 e5 16. Bg3 Ne4 17. Bg4+ Ke7 18.
Bxc8 Rxc8 19. Ke2 a5 20. a3 Bd6 21. Rac1 a4 22. Nd2 Nxg3+ 23. hxg3 h6 24. f4 f6 25. Nf3 Ra8 26. Nh4 Ke6 27. Rhd1 Ra5 28. Rc2 Rb5 29. Nf3 Na5 30. Nd2 Bc5 31. Rdc1 b6 32. Rd1 e4 33. Nb1 Nc4 34. Nc3 Rxb2 35. Rxb2 Nxb2 36. Rxd5 Nc4 37. Rd8 f5 38. Nxa4 Bxe3 39.
Rc8 Bc5 40. Nxc5+ bxc5 41. Rxc5 Nxa3 42. Rc6+ Kf7 43. Rc5 Ke6 44. Ke3 Nb1 45. g4 fxg4 46. Kxe4 Nd2+ 47. Kd3 Nf1 48. Re5+ Kf6 49. Rb5 Ng3 50.
Ke3 Nf5+ 51. Kf2 g3+ 52. Kf1 g5 53. Rb6+ Kg7 54. fxg5 hxg5 55. Ke1 Nh4 56. Kf1 Kh7 57. Rb3 Nf5 58. Rb4 Kg6 59. Ke2 Kh5 60. Kf3 Kg6 61.
Kg4 Ne3+ 62. Kxg3 Nd5 63. Rb5 Nf4 64. Kg4 Nxg2 65. Rxg5+ Kf6 66. Rf5+ Ke6 67. Rf3 Ke5 68.
Kg3 Ne1 69. Re3+ Kd4 70. Rxe1 1-0

[Event "*** MasterClass Titled Tuesday Blitz"]
[Site "Chess.com"]
[Date "2017.11.07"]
[Round "5"]
[White "timator"]
[Black "EndgameGrinder"]
[Result "1/2-1/2"]
[WhiteElo "2420"]
[BlackElo "2492"]
[TimeControl "180+2"]
[EndTime "15:17:10 PST"]
[Termination "Game drawn by agreement"]

1. Nf3 c5 2. g3 Nc6 3. d4 cxd4 4. Nxd4 g6 5. Bg2 Bg7 6. Nxc6 bxc6 7. c4 Rb8 8. Nc3 Nf6 9. O-O O-O 10. b3 d5 11.
Bf4 Rb6 12. Na4 Ra6 13. Rc1 Rxa4 14. bxa4 Ba6 15. cxd5 cxd5 16. Rc6 Bc4 17. Be3 a6 18. Qc2 Qd7 19. Rc5 e6 20. Rd1 Qe7 21. Rxc4 dxc4 22. Qxc4 Rd8 23. Rxd8+ Qxd8 24. Qxa6 Qd1+ 25. Bf1 h5 26.
Qd3 Qa1 27. a5 Ng4 28. a6 Nxe3 29. fxe3 Qxa2 30. Bg2 Bh6 31. Kf2 Qa5 32. Bf3 Qb6 33. Bb7 Kh7 34. Qd4 Qc7 35. Bf3 Bg7 36. Qb4 Bh6 37. Qa3 Qa7 38. Bb7 h4 39. Qc3 hxg3+ 40. hxg3 Bg7 41. Qc7 Kg8 42. Qc8+ Bf8 43. Bf3 Kg7 44. Qb7 Bc5 45. Qxa7 Bxa7 46. Bg2 Kf6 47.
Kf3 Ke5 48. e4 f5 49. exf5 exf5 50. e3 g5 51. Bf1 Bb6 52. Bb5 Ba7 53. Bc6 Bb6 54. Bb7 Ba7 55. e4 fxe4+ 56. Kg4 e3 57. Bf3 Kf6 58. Be2 Bb6 59. Bd3 Ba7 60. Kf3 Ke5 61. Kg4 Kf6 62. Be2 Bb6 63. Bf1 Ba7 64. Kf3 Ke5 65. Ke2 Kd4 66. Bg2 Bb6 67. Bb7 Ba7 68.
Bc8 Bb6 69. Ke1 Kd3 70. Bf5+ Kd4 71. Ke2 Ba7 72. Kf3 Ke5 73. Bd3 Bb6 74. Be2 Ba7 75. Kg4 Kf6 76. Kh5 Bb6 77. Kh6 Bd4 78. Kh7 Kf7 79. Kh6 Kf6 80. Kh5 Ba7 81. Kg4 Bb6 82. Bb5 Ba7 83. Kf3 Ke5 84. Ke2 Kd4 85. Bd7 Bb6 86.
Bg4 Ba7 87. Kd1 Kc3 1/2-1/2

[Event "*** MasterClass Titled Tuesday Blitz"]
[Site "Chess.com"]
[Date "2017.11.07"]
[Round "5"]
[White "AttilaTurzo"]
[Black "miaou33"]
[Result "1-0"]
[WhiteElo "2360"]
[BlackElo "2296"]
[TimeControl "180+2"]
[EndTime "15:17:27 PST"]
[Termination "AttilaTurzo won by resignation"]

1. d4 e6 2. Bf4 Nf6 3. e3 c5 4. Nf3 d5 5. c3 Nc6 6. Nbd2 cxd4 7. exd4 Nh5 8. Bg5 f6 9. Be3 Bd6 10. g3 O-O 11. Bg2 f5 12. Ne5 Qe8 13. f4 Nf6 14. O-O Nd7 15. h3 Ndxe5 16. dxe5 Bc7 17. g4 g6 18. gxf5 gxf5 19. Rf3 Kh8 20. Rg3 Bd7 21. Kh2 Qf7 22. Qe2 Rg8 23. Rxg8+ Rxg8 24. Rg1 a6 25. Bf2 Bd8 26. Nf3 h6 27. Bh4 Kh7 28. Bxd8 Nxd8 29. Nd4 Nc6 30. Nb3 Qg7 31. Qf2 Qf8 32. Bf3 Ne7 33. Bh5 Ng6 34. Bxg6+ Rxg6 35. Rxg6 Kxg6 36. Qh4 Ba4 37. Nd4 Bd7 38. Kg3 b5 39. a3 Kh7 40.
Kf2 a5 41. b4 axb4 42. axb4 Bc8 43. Ke3 Bd7 44. Qf6 Qc8 45. Qf7+ Kh8 46. Qf6+ Kh7 47. Kd2 Qe8 48. Kc2 Bc8 49. Kb2 Bd7 50. Nb3 Bc8 51.
Nc5 Qg8 52. Qe7+ Kh8 53. Kb3 h5 54. h4 Qg7 55. Qxg7+ Kxg7 56. Kc2 Kf8 57. Kd3 Ke7 58. Kd4 Kd8 59. Nb3 Kc7 60. Nd2 Bd7 61. Nf1 Kb6 62. Ng3 Be8 63. Ne2 Bf7 64. Nc1 Be8 65. Nd3 Bf7 66. Nc5 Kc6 67. Nb3 Be8 68. Na5+ Kb6 69. Kd3 Bf7 70. Nb3 Be8 71. Nd4 Bd7 72. Nf3 Kc7 73. Ng5 Kb6 74. Kd4 Bc8 75. Nh7 Bd7 76. Nf6 Bc8 77. Nxh5 Bd7 78. Nf6 Be8 79. Nxe8 1-0